 Dungeon Crawl Stone Soup version 0.29-a0-821-g66395355a5 (webtiles) character file.

Game seed: 15394728718474477880

123 Zonian the Chiller (level 4, 0/30 HPs)
             Began as a Demonspawn Ice Elementalist on July 7, 2022.
             Was a Follower of Okawaru.
             Slain by Terence
             ... wielding a +0 vorpal flail
              (2 damage)
             ... on level 3 of the Dungeon.
             The game lasted 00:08:01 (3910 turns).

Zonian the Chiller (Demonspawn Ice Elementalist)    Turns: 3910, Time: 00:08:04

Health: 0/30       AC:  3    Str:  8    XL:     4   Next: 79%
Magic:  16/16      EV: 13    Int: 16    God:    Okawaru [*.....]
Gold:   157        SH:  0    Dex: 16    Spells: 0/7 levels left

rFire   . . .      SeeInvis .   n - +1 short sword
rCold   . . .      Faith    .   (no shield)
rNeg    . . .      Spirit   .   a - +0 robe
rPois   .          Reflect  .   t - +0 helmet
rElec   .          Harm     .   v - scarf {repulsion}
rCorr   .          Rampage  .   (no gloves)
Will    .....                   (no boots)
Stlth   ++........              (no amulet)
HPRegen 0.10/turn               f - ring "Ympaom" {MP+9 Slay+4}
MPRegen 0.15/turn               (no ring)

@: repel missiles
A: powered by pain 2
a: Renounce Religion, Heroism


You were on level 3 of the Dungeon.
You worshipped Okawaru.
Okawaru was aware of your devotion.
You visited 1 branch of the dungeon, and saw 3 of its levels.

You collected 157 gold pieces.

Inventory:

Hand Weapons
 d - a +0 war axe
 l - a +0 dagger
 n - a +1 short sword (weapon)
 p - a +0 sling
Missiles
 c - 9 poisoned darts
 e - 2 silver javelins
 r - 3 boomerangs
Armour
 a - a +0 robe (worn)
 m - an orb of mayhem
 t - a +0 helmet (worn)
 v - a scarf of repulsion (worn)
Jewellery
 f - the ring "Ympaom" (left hand) {MP+9 Slay+4}
   (You acquired it on level 3 of the Dungeon)

   [ring of slaying]

   Slay:      It affects your accuracy & damage with ranged weapons and melee
   (+4).
   MP:        It affects your magic capacity (+9).
Wands
 k - a wand of acid (4)
 u - a wand of charming (5) {useless?}
Scrolls
 h - 2 scrolls of blinking
 q - a scroll of teleportation {unknown}
Potions
 b - a potion of magic
 g - a potion of lignification {unknown}
 i - a potion of brilliance {unknown}
 j - 2 potions of haste
 o - 2 potions of curing {unknown}
 w - a potion of mutation {unknown}


   Skills:
 + Level 2.9 Dodging
 + Level 3.0 Stealth
 - Level 2.2 Spellcasting
 + Level 4.3 Ice Magic


You couldn't memorise any spells.
You knew the following spells:

 Your Spells              Type           Power      Damage    Failure   Level
a - Freeze                Ice            60%        1d8       3%          1
b - Frozen Ramparts       Ice            30%        1d5       10%         3
c - Ozocubu's Armour      Ice            15%        N/A       10%         3

Your spell library contained the following spells:

 Spells                   Type           Power      Damage    Failure   Level
 Apportation              Tloc           2%         N/A       21%         1
 Shock                    Conj/Air       4%         1d3       21%         1
 Swiftness                Air            1%         N/A       52%         3
 Hailstorm                Conj/Ice       8%         3d4       63%         4
 Airstrike                Air            0%         0-2+      90%         4
 Alistair's Intoxication  Tmut/Pois      0%         N/A       99%         5


Dungeon Overview and Level Annotations

Branches:
Dungeon (3/15)

Altars:
Okawaru
Wu Jian

Annotations:
D:2 1 runed translucent door, Crazy Yiuf
D:3 Terence


Innate Abilities, Weirdness & Mutations

You sometimes gain power by taking damage.


Message History

Aiming: Corrosive Bolt
Press: ? - help, Shift-Dir - straight line, f - Terence
Aim: Terence, wielding a +0 vorpal flail and wearing a +0 scale mail (75% to hit)
The bolt of acid misses Terence.
Unknown command.
You hit Terence.
Terence is lightly wounded.
Terence misses you.
You hit Terence.
Terence is moderately wounded.
Terence misses you.
You closely miss Terence.
Terence is moderately wounded.
Terence says, "Don't bother to defend, it's pointless."
Terence misses you.
You hit Terence.
Terence is moderately wounded.
Terence completely misses you.
You barely miss Terence.
Terence is moderately wounded.
Terence barely misses you.
You hit Terence.
Terence is heavily wounded.
You hit Terence.
Terence is severely wounded.
Terence hits you with a +0 vorpal flail!
You hit Terence. Your punch misses Terence.
Terence is severely wounded.
Terence misses you.
You hit Terence.
Terence is almost dead.
Terence says, "How do you enjoy it?" Terence closely misses you.
You barely miss Terence.
Terence is almost dead.
You feel like a meek peon again.
Terence hits you with a +0 vorpal flail!
* * * LOW HITPOINT WARNING * * *
You focus on the pain.
You feel your power returning.
You die...

....####*,#.# #.#
......#..,#.# ####.######
....#.#.#*#.# ##.........#
....#...###.###....).....#
................(........#
....###..................#
....# #..........).......#
....# #.................##
..#.###.....##.@@.......#
#.).<...##..........)..##
#...###.##.###...)......#
##...##....# #..........#
##.#....#..###.<........#***
..........................,**
≈≈≈≈..####.._..####..≈≈≈≈..,*
...............,,,..........*
####.#..####.##*,,....####..*


You could see Terence.

Vanquished Creatures
  Jessica (D:3)
  Ijyb (D:3)
  3 adders
  A dart slug (D:3)
  An orc (D:3)
  A bat (D:1)
  5 endoplasms
  3 giant cockroaches
  4 goblins
  2 hobgoblins
  3 quokkas
  5 ball pythons
  6 frilled lizards
  7 kobolds
  3 rats
46 creatures vanquished.

Notes
Turn   | Place    | Note
-------+----------+-------------------------------------------
     0 | D:1      | Zonian the Demonspawn Ice Elementalist began the quest for
                  | the Orb.
     0 | D:1      | Reached XP level 1. HP: 13/13 MP: 3/3
   507 | D:1      | Gained mutation: You sometimes gain a little power by
                  | taking damage. [demonic ancestry]
   507 | D:1      | Reached XP level 2. HP: 18/19 MP: 1/5
   864 | D:1      | Found a faded altar of an unknown god.
   992 | D:1      | Prayed at the altar of an unknown god.
   992 | D:1      | Became a worshipper of Warmaster Okawaru
   992 | D:1      | Reached * piety under Okawaru
  2014 | D:2      | Gained mutation: You sometimes gain power by taking damage.
                  | [demonic ancestry]
  2014 | D:2      | Reached XP level 3. HP: 24/24 MP: 0/6
  2439 | D:2      | Found a runed translucent door.
  2440 | D:2      | Noticed Crazy Yiuf
  2579 | D:2      | Reached skill level 4 in Ice Magic
  3107 | D:3      | Noticed Terence
  3126 | D:3      | Identified a scroll of acquirement
  3126 | D:3      | Acquired the ring "Ympaom" {MP+9 Slay+4}
  3213 | D:3      | Learned a level 3 spell: Frozen Ramparts
  3746 | D:3      | Reached XP level 4. HP: 30/30 MP: 7/7
  3750 | D:3      | Learned a level 3 spell: Ozocubu's Armour
  3815 | D:3      | Found an ornate altar of the Wu Jian Council.
  3855 | D:3      | Noticed Jessica
  3866 | D:3      | Killed Jessica
  3870 | D:3      | Noticed Ijyb
  3876 | D:3      | Killed Ijyb
  3910 | D:3      | Slain by Terence

Illustrated notes

Levels and vault maps discovered:
D:1:      dpeg_arrival_pits, layout_basic, hellmonk_ecumenical_altar_run_dry
D:2:      layout_loops_ring, nicolae_elevator_lobby_asterisk,
          uniq_crazy_yiuf_cottage
D:3:      minmay_angry_zag, layout_rooms, nicolae_tso_carved_into_rock,
          mainiacjoe_overflow_boulevard, uniq_jessica, uniq_ijyb, uniq_terence

Skill      XL: |  1  2  3  4 |
---------------+-------------+-----
Stealth        | 2 3 |  3.0
Dodging        | 2 |  2.9
Ice Magic      | 4 |  4.3
Spellcasting   | |  2.2

Action                   |  1- 3 |  4- 6 || total
-------------------------+-------+-------++-------
Melee: War axe           |    17 |       ||    17
       Punch             |     2 |       ||     2
       Short sword       |    37 |    16 ||    53
       Dagger            |     3 |       ||     3
Throw: Javelin           |       |     3 ||     3
 Cast: Freeze            |    44 |     1 ||    45
Invok: Heroism           |       |     1 ||     1
Evoke: Wand              |       |     5 ||     5
  Use: Scroll            |     8 |       ||     8
 Stab: Sleeping          |     5 |     1 ||     6
Armor: Robe              |    15 |     1 ||    16
Dodge: Dodged            |    62 |    15 ||    77

Table legend: (Time is in decaauts)
 A = Elapsed time spent in this place.
 B = Non-inter-level travel time spent in this place.
 C = Inter-level travel time spent in this place.
 D = Time resting spent in this place.
 E = Time spent auto-exploring this place.
 F = Levels seen in this place.
 G = Mean time per level.
                   A        B        C        D        E       F      G
               +--------+--------+--------+--------+--------+-----+--------+
         Total |   3921 |   3827 |     94 |   1418 |   1732 |   3 | 1307.0 |
       Dungeon |   3921 |   3827 |     94 |   1418 |   1732 |   3 | 1307.0 |
               +--------+--------+--------+--------+--------+-----+--------+

Top non-repeatable levels by time:
     D:2: 1609 daAuts
     D:1: 1555 daAuts
     D:3: 756 daAuts
